Map: Ulrena

Players

RaiDeNnn - Winner!

  • Race: Zerg Zerg
  • League: Diamond

Arkisto

  • Race: Zerg Zerg
  • League: Gold

VOD

Have the link to the VOD?

Description

Time

  • Played on: May 23, 2016, 11:53 a.m.
  • Length: 3:02
Show
View Real Time Build Order
Export as new Build Order

RaiDeNnn Zerg - Winner!

Build Orders: Pool Only 

Get SALT Encoding   

  12  0:01  Drone  
  13  0:07  Extractor  
  12  0:26  Spawning Pool  
  11  0:29  Drone  
  12  0:35  Drone  
  13  0:44  Drone  
  14  0:55  Overlord  
  14  1:13  Zergling x4  
  14  1:14  Zergling x2  
  17  1:19  Metabolic Boost  
  17  1:24  Zergling x2  
  18  1:34  Baneling Nest  
  17  1:47  Queen  
  17  1:53  Zergling x2  
  20  1:58  Zergling x2  
  21  2:08  Zergling x2  
  22  2:14  Overlord  
  21  2:35  Baneling  
  21  2:36  Baneling  
  21  2:37  Baneling  
  21  2:39  Baneling  
  21  2:40  Zergling x6  
Show
View Real Time Build Order
Export as new Build Order

Arkisto Zerg 

Build Orders: Pool First 

Get SALT Encoding   

  12  0:01  Drone  
  13  0:13  Overlord  
  13  0:17  Drone  
  14  0:31  Drone x2  
  16  0:35  Drone  
  16  0:38  Extractor  
  16  0:46  Drone  
  17  0:55  Spawning Pool  
  16  0:59  Drone  
  18  1:11  Drone  
  18  1:19  Drone  
  19  1:34  Drone  
  20  1:41  Queen  
  20  1:46  Hatchery  
  21  1:51  Baneling Nest  
  21  1:52  Extractor  
  19  1:54  Zergling x2  
  19  1:57  Zergling x2  
  20  2:15  Zergling x2  
  21  2:28  Zergling x2, Spine Crawler  
  20  2:35  Zergling x2  
Tags
 
Add a new tag
Caveats
  • Supply blocks, unpowered buildings, or Contaminate may cause inaccurate times.
  • Supply counts are checked every 10 seconds.